Map: Orbital Shipyard

Players

ILLBdA - Winner!

  • Race: Terran Terran
  • League: Diamond

Taless

  • Race: Terran Terran
  • League: Platinum

VOD

Have the link to the VOD?

Description

Time

  • Played on: Dec. 16, 2015, 1:23 a.m.
  • Length: 7:14
Show
View Real Time Build Order
Export as new Build Order

ILLBdA Terran - Winner!

Build Orders:  

Get SALT Encoding   

  12  0:01  SCV  
  13  0:13  SCV  
  14  0:19  Supply Depot  
  14  0:25  SCV  
  15  0:33  Refinery  
  15  0:46  Barracks  
  15  1:12  Barracks  
  15  1:35  Orbital Command  
  15  1:58  Barracks Tech Lab  
  15  2:00  Barracks  
  15  2:18  Reaper  
  15  2:21  Concussive Shells, Marauder  
  17  2:32  Supply Depot  
  17  2:41  Marine  
  18  2:46  Barracks Tech Lab  
  18  3:00  Marauder  
  20  3:06  Marauder  
  21  3:15  Supply Depot  
  21  3:21  Marauder  
  23  3:28  Marauder  
  25  3:42  Marine  
  26  3:49  Marauder  
  26  4:00  Marine  
  24  4:11  Marauder  
  25  4:18  Marauder  
  23  4:32  Marauder  
  23  4:40  Marauder  
  20  4:53  Marauder  
  22  5:01  Marauder  
  23  5:15  Marauder  
  25  5:22  Marauder  
  27  5:36  Marauder  
  27  5:44  Marauder  
  29  5:58  Marauder  
  31  6:05  Marauder  
  31  6:07  Supply Depot  
  27  6:19  Marauder  
  27  6:26  Marauder  
  27  6:30  SCV  
  30  6:40  Marauder  
  30  6:41  Command Center  
  30  6:48  Marauder  
Show
View Real Time Build Order
Export as new Build Order

Taless Terran 

Build Orders: Reaper Expand 

Get SALT Encoding   

  12  0:01  SCV  
  13  0:13  SCV  
  14  0:18  Supply Depot  
  14  0:25  SCV  
  15  0:38  Refinery  
  15  0:39  SCV  
  16  0:47  Barracks  
  16  0:55  SCV  
  17  1:16  SCV  
  18  1:28  SCV  
  19  1:36  Reaper  
  20  1:40  Supply Depot  
  20  1:41  Orbital Command  
  20  2:05  Command Center  
  20  2:08  Reaper  
  21  2:14  SCV  
  22  2:26  Factory  
  22  2:27  SCV  
  23  2:30  Refinery  
  23  2:39  SCV  
  24  2:47  Barracks Reactor  
  24  2:50  Barracks  
  24  2:51  SCV  
  25  3:02  Barracks  
  25  3:03  SCV  
  26  3:15  SCV  
  26  3:17  Factory Tech Lab  
  26  3:26  Marine x2  
  28  3:36  Siege Tank  
  31  3:43  Marine x2  
  29  4:01  Marine x2  
  21  4:19  Marine x2  
  18  4:37  Marine x2  
  16  4:49  Siege Tank  
  18  4:55  Marine x2  
  18  4:59  Marine x2  
  20  5:11  Orbital Command  
  15  5:41  Marine x2  
  15  5:51  SCV  
  15  5:55  SCV  
  17  5:58  Marine  
  17  5:59  Marine  
  17  6:03  SCV  
  20  6:07  SCV  
  20  6:15  Factory Tech Lab  
  20  6:16  Marine x2  
  20  6:34  SCV, Siege Tank  
  20  6:35  SCV  
  20  6:37  Barracks Reactor  
  25  6:47  SCV  
Tags
 
Matchup
TvT
Race
Terran
Replay Pack
me
Add a new tag
Caveats
  • Supply blocks, unpowered buildings, or Contaminate may cause inaccurate times.
  • Supply counts are checked every 10 seconds.